 Dungeon Crawl Stone Soup version 0.19.5 (webtiles) character file.

184 raph the Poker (level 5, -2/40 HPs)
             Began as a Merfolk Skald on May 16, 2017.
             Killed from afar by an orc wizard (7 damage)
             ... with a magic dart
             ... on level 3 of the Dungeon.
             The game lasted 00:07:23 (3283 turns).

raph the Poker (Merfolk Skald)                      Turns: 3283, Time: 00:07:24

Health: -2/40      AC:  5    Str: 13    XL:     5   Next: 63%
Magic:  3/8        EV: 13    Int: 11    God:
Gold:   143        SH:  0    Dex: 19    Spells: 3 memorised, 3 levels left

rFire  . . .     SeeInvis .     g - +0 trident
rCold  . . .     Gourm    .     b - +0 leather armour
rNeg   . . .     Faith    .     (no shield)
rPois  .         Spirit   .     (no helmet)
rElec  .         Reflect  .     t - +0 cloak
rCorr  .         Harm     .     r - +0 pair of gloves
MR     .....                    (no boots)
Stlth  +.........               (no amulet)
                                (no ring)
                                v - +5 ring of dexterity

@: lethally poisoned (-2 -> -13), infused (expiring), singing (expiring)
A: change form in water, swift swim, stealthy swim
a: Stop Singing


You were on level 3 of the Dungeon.
You were hungry.

You visited 1 branch of the dungeon, and saw 3 of its levels.

You collected 143 gold pieces.

Inventory:

Hand Weapons
 a - a +0 spear
 g - a +0 trident (weapon)
Missiles
 y - 2 tomahawks (quivered)
Armour
 b - a +0 leather armour (worn)
 l - a +0 buckler
 r - a +0 pair of gloves (worn)
 t - a +0 cloak (worn)
Jewellery
 v - a +5 ring of dexterity (left hand)
Wands
 w - a wand of acid (6/15)
Scrolls
 e - a scroll of amnesia {unknown}
 f - a scroll of enchant weapon {unknown}
 h - 6 scrolls of identify {unknown}
 m - 2 scrolls of random uselessness {unknown}
 n - a scroll of magic mapping {unknown}
 o - 2 scrolls of fog {unknown}
 p - a scroll of blinking {unknown}
 q - a scroll of teleportation {unknown}
 u - 2 scrolls of remove curse {unknown}
 x - a scroll of recharging {unknown}
Potions
 i - a potion of beneficial mutation {unknown}
 j - 2 potions of brilliance {unknown}
 k - a potion of curing
Books
 c - a book of Battle

   Spells                             Type                      Level
   a - Infusion                       Charms                       1
   b - Shroud of Golubria             Charms/Translocation         2
   c - Song of Slaying                Charms                       2
   d - Spectral Weapon                Hexes/Charms                 3
   e - Regeneration                   Charms/Necromancy            3
 s - a book of Misfortune

   Spells                             Type                      Level
   a - Confusing Touch                Hexes                        1
   b - Confuse                        Hexes                        3
   c - Gell's Gravitas                Hexes/Translocation          3
   d - Petrify                        Transmutation/Earth          4
   e - Metabolic Englaciation         Hexes/Ice                    5
   f - Yara's Violent Unravelling     Hexes/Transmutation          5
Comestibles
 d - 2 bread rations


   Skills:
 + Level 2.9 Fighting
 * Level 5.5 Polearms
 + Level 1.4 Armour
 + Level 3.0 Dodging
 + Level 2.3 Spellcasting
 + Level 3.8 Charms


You had 3 spell levels left.
You knew the following spells:

 Your Spells              Type           Power        Failure   Level  Hunger
a - Infusion              Chrm           #...         10%         1    ##.....
b - Song of Slaying       Chrm           #.......     14%         2    ###....
c - Shroud of Golubria    Chrm/Tloc      #.........   24%         2    ###....


Dungeon Overview and Level Annotations

Branches:
Dungeon (3/15)

Altars:
Dithmenos
Elyvilon
Fedhas
Trog
Xom


Message History

You feel sick.
The orc wizard points at you and mumbles some strange words.
The magic dart hits you!
* * * LOW HITPOINT WARNING * * *
The orc wizard casts a spell at you. The magic dart hits you!
* * * LOW HITPOINT WARNING * * *
It was a potion of curing.
You feel better.
Your magical infusion is running out.
The orc wizard hits you but does no damage.
You are poisoned.
You closely miss the orc wizard.
The orc wizard is severely wounded.
You feel sick.
The orc wizard hits you with a dagger of venom.
* * * LOW HITPOINT WARNING * * *
You are lethally poisoned!
The orc wizard casts a spell at you. The magic dart hits you!
You die...

#.......# ###......# ########
#.......# #......#
#......###.......#####.......
#...........>.......)........
#)P.P.####.########.##.......
#.._..# #.....# #.##..####.
#.P.P.# #..[..####.###.####.
#.....# #...................
#.########..@................
#.......##.#o................
#####....#...................
#....###...###...########
#....# #...#.............
#....# #...#.....########
#....# #...#.......)....#
#....# #...#.....#'###..#
###.####...#.........#..#


You could see an orc wizard.

Vanquished Creatures
  Ijyb (D:2)
  Terence (D:2)
  4 adders
  2 worms
  3 dart slugs
  5 leopard geckos
  8 orcs (D:3)
  3 giant cockroaches
  9 hobgoblins
  8 kobolds
  A ball python (D:3)
  8 bats
  5 frilled lizards
  7 goblins
  11 rats
76 creatures vanquished.

Notes
Turn   | Place    | Note
-------+----------+-------------------------------------------
     0 | D:1      | raph the Merfolk Skald began the quest for the Orb.
     0 | D:1      | Reached XP level 1. HP: 16/16 MP: 3/3
   429 | D:1      | Reached XP level 2. HP: 23/23 MP: 1/5
   437 | D:1      | Learned a level 2 spell: Song of Slaying
   977 | D:1      | Learned a level 2 spell: Shroud of Golubria
  1006 | D:2      | Reached skill level 4 in Polearms
  1026 | D:2      | Reached skill level 1 in Armour
  1026 | D:2      | Reached XP level 3. HP: 25/28 MP: 6/6
  1812 | D:2      | Noticed Terence
  1836 | D:2      | Killed Terence
  1836 | D:2      | Reached XP level 4. HP: 28/34 MP: 2/7
  2026 | D:2      | Noticed Ijyb
  2136 | D:2      | Killed Ijyb
  2136 | D:2      | Reached XP level 5. HP: 26/39 MP: 5/8
  2328 | D:3      | Reached skill level 5 in Polearms
  2480 | D:3      | Found a shimmering altar of Xom.
  2864 | D:3      | Found a white marble altar of Elyvilon.
  3080 | D:3      | Found a bloodstained altar of Trog.
  3108 | D:3      | Found a shadowy altar of Dithmenos.
  3237 | D:3      | Found a blossoming altar of Fedhas.
  3283 | D:3      | Killed from afar by an orc wizard

Skill      XL: |  1  2  3  4  5 |
---------------+----------------+-----
Polearms       | 4 5 |  5.5
Armour         | 1 |  1.4
Dodging        | 2 3 |  3.0
Fighting       | |  2.9
Spellcasting   | |  2.3
Charms         | |  3.8

Action                   |  1- 3 |  4- 6 || total
-------------------------+-------+-------++-------
Melee: Spear             |   117 |   152 ||   269
       Trident           |       |    32 ||    32
 Cast: Infusion          |    14 |     8 ||    22
       Song of Slaying   |     3 |     8 ||    11
       Shroud of Golubri |     1 |     3 ||     4
  Use: Potion            |       |     1 ||     1
  Eat: Chunk             |     4 |     5 ||     9
Armor: Leather armour    |    27 |    50 ||    77
Dodge: Dodged            |    60 |    99 ||   159
